Cogmind - Beta 16 @@@ ROGUE MODE // 2026.01.21 @ 11:36:16 Player: MrFartsburg Result: Destroyed by Y-45 Defender with Heavy Assault Rifle Performance ------------- Evolutions (0) 0 Regions Visited (3) 600 Robots Destroyed (9) 45 Value Destroyed (219) 219 Prototype IDs (5) 100 Alien Tech Used (0) 0 Bonus (0) 0 TOTAL SCORE: 964 Bonus ------- None Cogmind --------- Core Integrity 0/250 Matter 251/300 Energy 44/100 System Corruption 1% Temperature Warm (101) Movement Core (300) Ox5 Location -9/Recycling Parts ------- > --- POWER (1) -------- (None) > --- PROPULSION (2) --- (None) > --- UTILITY (2) ------ Small Storage Unit V3-11A's Pendant > --- WEAPON (2) ------- Medium Laser Subdweller Beam Cannon > --- INVENTORY (8) ---- Cooling System Makeshift Hacking Suite Small Laser Subdweller Laser Subdweller Beam Cannon Peak State ------------ > --- POWER ------------ Subdweller Power Source > --- PROPULSION ------- Aluminum Leg Aluminum Leg > --- UTILITY ---------- Small Storage Unit V3-11A's Pendant > --- WEAPON ----------- Subdweller Laser Light Assault Rifle > --- INVENTORY -------- Ion Engine Light Ion Engine Light Treads Light Treads Medium Laser Small Laser Subdweller Beam Cannon [Rating: 11] Favorites ----------- Power Ion Engine Engine Ion Engine Propulsion Aluminum Leg Treads Light Treads Leg Aluminum Leg Utility Small Storage Unit Device V3-11A's Pendant Storage Small Storage Unit Weapon Light Assault Rifle Energy Gun Subdweller Laser Energy Cannon Subdweller Beam Cannon Ballistic Gun Light Assault Rifle Launcher Subdweller Shrapnel Launcher Build | -11 -10 -10 -9 ------- Run | Yrd Mat Sub Rec Slots Evolved . | . . . . Power . | . . . . Propulsion . | . . . . Utility . | . . . . Weapon . | . . . . Parts Attached 16 | 6 1 9 . Power 4 | 1 1 2 . Engine 4 | 1 1 2 . Core . | . . . . Reactor . | . . . . Propulsion 4 | 2 . 2 . Treads 2 | . . 2 . Leg 2 | 2 . . . Wheel . | . . . . Hover . | . . . . Flight . | . . . . Utility 2 | 1 . 1 . Device 1 | . . 1 . Storage 1 | 1 . . . Processor . | . . . . Hackware . | . . . . Protection . | . . . . Artifact . | . . . . Weapon 6 | 2 . 4 . Energy Gun 3 | 1 . 2 . Energy Cannon 1 | . . 1 . Ballistic Gun 1 | 1 . . . Ballistic Cannon . | . . . . Launcher 1 | . . 1 . Special Weapon . | . . . . Impact Weapon . | . . . . Slashing Weapon . | . . . . Piercing Weapon . | . . . . Special Melee Weapon . | . . . . Unidentified Prototypes 1 | . . 1 . Parts Lost 7 | . . 5 2 Power 2 | . . 2 . Propulsion 4 | . . 3 1 Utility . | . . . . Weapon 1 | . . . 1 Highest Loss Streak 2 | . . 2 2 To Critical Strikes . | . . . . Average Backups 5 | 2 4 6 5 Power 1 | . 1 1 . Propulsion 1 | . 2 1 . Utility . | . . . 1 Weapon 2 | . 1 2 3 Tool/Special . | . . . . Unused Backups 3 | . . . 3 Power . | . . . . Propulsion . | . . . . Utility 1 | . . . 1 Weapon 2 | . . . 2 Tool/Special . | . . . . Average Slot Usage (%) 84 | . 85 89 68 Engine 10 | . 14 12 . Treads 1 | . . 1 . Leg 22 | . 28 24 12 Device 7 | . . 7 14 Storage 14 | . 14 14 14 Energy Gun 11 | . 14 13 . Energy Cannon 3 | . . 1 14 Ballistic Gun 10 | . 14 12 . Launcher 2 | . . . 12 Peak Build Rating 11 | 6 6 11 10 Average Rating 8 | 4 6 8 9 On Entrance 5 | . 6 6 10 Avg Prop Armor Cover (%) . | . . . . Naked Turns . | . . . . Heaviest Build 22 | 10 12 22 22 Greatest Support 40 | 20 20 40 10 Greatest Overweight (x) 7 | . . 5 7 Average Overweight (x) . | . . . 2 Largest Inventory Capacity 8 | 8 8 8 8 Average Capacity 7 | 7 8 8 8 Most Carried 8 | 5 5 8 6 Average Carried 5 | 2 4 6 5 Final Capacity 8 | 8 8 8 8 Final Carried 5 | 4 5 5 5 Class Distribution -------------------- 100% | Mutant Dominant Class ---------------- Mutant | -10/Materials Mutant | -10/Subcaves Mutant | -9/Recycling Resources | -11 -10 -10 -9 ----------- Run | Yrd Mat Sub Rec Matter Collected 401 | 226 35 140 . Remotely . | . . . . Salvage Created 207 | . 46 109 52 Parts 11 | . 1 7 3 Haulers Intercepted . | . . . . Recyclers Shooed . | . . . . Parts Field Recycled . | . . . . Retrieved Matter . | . . . . Parts Self-Destructed 6 | . . 6 . Prevented . | . . . . Parts Restored . | . . . . Kills | -11 -10 -10 -9 ------- Run | Yrd Mat Sub Rec Combat Hostiles Destroyed 7 | . 1 5 1 Guns 6 | . 1 5 . Cannons 1 | . . . 1 Classes Destroyed 5 | . 1 3 1 Turret 2 | . . 2 . Swarmer 4 | . . 4 . Grunt 1 | . 1 . . Sentry 1 | . . . 1 Subdweller 1 | . . 1 . Best Kill Streak 4 | . 1 4 1 Combat Bots Only 4 | . 1 4 1 Max Kills in Single Turn 2 | . 1 2 1 Gunslinging . | . . . . Exploded . | . . . . Melee . | . . . . Uniques/NPCs Destroyed . | . . . . Combat | -11 -10 -10 -9 -------- Run | Yrd Mat Sub Rec Hostile Shots Fired 203 | . 7 168 28 Missed 71 | . 2 61 8 Hits 132 | . 5 107 20 Projectile 132 | . 5 107 20 Critical Strikes 4 | . . 1 3 Damage Taken 1272 | . 54 909 309 Core 255 | . . 146 109 Absorbed by Shields . | . . . . Core Remaining (%) 100 | 100 . . . Volleys Fired 35 | . 5 27 3 Largest 2 | . 2 2 2 Hottest 130 | . 60 130 130 Shots Fired 68 | . 10 52 6 Gun 58 | . 10 46 2 Cannon 8 | . . 5 3 Launcher 2 | . . 1 1 Special . | . . . . Kinetic 29 | . 5 23 1 Thermal 39 | . 5 29 5 Explosive . | . . . . Electromagnetic . | . . . . Robot Hit Streak 9 | . 6 9 8 Robot Miss Streak 7 | . 1 7 . Penetration Max . | . . . . Secondary Targets 1 | . . 1 . Max Gunslinging Chain 1 | . . 1 . Shots Hit Robots 39 | . 7 27 5 Core Hits 13 | . 2 9 2 Critical Kills . | . . . . Critical Parts Destroyed . | . . . . Critical Strikes 1 | . . . 1 Burn 1 | . . . 1 Melee Attacks . | . . . . Impact . | . . . . Slashing . | . . . . Piercing . | . . . . Sneak Attacks . | . . . . Combat Hostiles . | . . . . Follow-up Attacks . | . . . . Damage Inflicted 711 | 5 66 526 114 Guns 423 | . 66 332 25 Cannons 175 | . . 86 89 Explosions 108 | . . 108 . Melee . | . . . . Ramming 5 | 5 . . . Kinetic 226 | . 22 204 . Thermal 480 | . 44 322 114 Explosive . | . . . . Electromagnetic . | . . . . Impact . | . . . . Slashing . | . . . . Piercing . | . . . . Highest Corruption 1 | . . . 1 Average Corruption 1 | . . . 1 Corruption Purged . | . . . . Corruption Blocked . | . . . . Effects 2 | . . . 2 Message Errors 1 | . . . 1 Matter Fused 1 | . . . 1 Overload Shots . | . . . . Overflow Damage 20 | . . 20 . Projectiles . | . . . . Explosions 20 | . . 20 . Melee . | . . . . Knockbacks . | . . . . Impact . | . . . . Kinetic . | . . . . Secondary . | . . . . Self-Inflicted Damage . | . . . . Shots . | . . . . Rammed . | . . . . Targets Rammed 2 | 2 . . . Kicked 2 | 2 . . . Crushed . | . . . . Highest Temperature 126 | . 64 126 92 Average Temperature 40 | . 25 55 36 Received Heat Transfer 456 | . 30 291 135 Siege Activations . | . . . . Martial Activations . | . . . . Shielding Activations . | . . . . Robots Disrupted . | . . . . Combat Hostiles . | . . . . Robots Corrupted . | . . . . Combat Hostiles . | . . . . Parts Fried . | . . . . Impact Corruptions . | . . . . Robots Melted . | . . . . Combat Hostiles . | . . . . Parts Melted 2 | . . 2 . Heat Transferred 794 | . 100 435 259 Parts Sabotaged . | . . . . Parts Stolen . | . . . . Parts Stripped . | . . . . Power Chain Reactions . | . . . . Alert | -11 -10 -10 -9 ------- Run | Yrd Mat Sub Rec Maximum Alert Level . | . . . . Low Security (%) 100 | 100 100 . 100 Level 1 . | . . . . Level 2 . | . . . . Level 3 . | . . . . Level 4 . | . . . . Level 5 . | . . . . High Security . | . . . . Max Security . | . . . . Peak Influence 64 | . 30 . 64 Initial 64 | . . . 64 Average 9 | . 5 . 14 Influence Increases 368 | . 50 270 48 Destroy 0b10 Robot/C 160 | . 20 120 20 Destroy Leader 10 | . 10 . . Successful Hack 15 | . 5 . 10 Destroy Structure 18 | . . . 18 Partial Spotted 15 | . 15 . . Lose Combat Pursuer 150 | . . 150 . Influence Decreases 368 | . 50 134 184 Entered New Map 72 | . . . 72 Time Decay 186 | . 50 44 92 Lost Part 70 | . . 50 20 Lost Ally 40 | . . 40 . Squads Dispatched 1 | . 1 . . Investigation . | . . . . Extermination . | . . . . Reinforcement 1 | . 1 . . Assault . | . . . . Garrison . | . . . . Intercept . | . . . . Searches Triggered . | . . . . Construction Impeded . | . . . . Haulers Reinforced . | . . . . Active Scanning Responses . | . . . . Cargo Convoy Interrupts . | . . . . Stealth | -11 -10 -10 -9 --------- Run | Yrd Mat Sub Rec Distress Signals . | . . . . Communications Jammed . | . . . . Distress Signals . | . . . . Times Spotted 17 | . 4 11 2 Peak Tracking Total 6 | . 4 6 1 Tactical Retreats 4 | . . 4 . Traps | -11 -10 -10 -9 ------- Run | Yrd Mat Sub Rec Traps Triggered . | . . . . Indirectly . | . . . . Trap Hack Attempts . | . . . . Triggered . | . . . . Disarmed . | . . . . Reprogrammed . | . . . . Reused . | . . . . Traps Extracted . | . . . . Installed . | . . . . Triggered . | . . . . Machines | -11 -10 -10 -9 ---------- Run | Yrd Mat Sub Rec Machines Disabled 3 | . . 3 . Max in Single Turn 3 | . . 3 . Machines Repaired . | . . . . Machines Dismantled . | . . . . Machines Sabotaged . | . . . . Overloaded Fab Kills . | . . . . Hacking | -11 -10 -10 -9 --------- Run | Yrd Mat Sub Rec Machines Accessed 4 | . 2 . 2 Terminals 3 | . 1 . 2 Fabricators . | . . . . Repair Stations . | . . . . Recycling Units 1 | . 1 . . Scanalyzers . | . . . . Garrison Access . | . . . . Total Hacks 11 | . 4 . 7 Successful 7 | . 3 . 4 Failed 4 | . 1 . 3 Catastrophic 1 | . . . 1 Database Lockouts . | . . . . Manual . | . . . . Terminals 10 | . 3 . 7 Fabricators . | . . . . Repair Stations . | . . . . Recycling Units 1 | . 1 . . Scanalyzers . | . . . . Garrison Access . | . . . . Terminal Hacks 6 | . 2 . 4 Record 1 | . . . 1 Prototype ID Bank 2 | . 1 . 1 Alert Level 1 | . 1 . . Recall Investigation 1 | . . . 1 Zone Layout 1 | . . . 1 Fabricator Hacks . | . . . . Repair Station Hacks . | . . . . Recycling Unit Hacks 1 | . 1 . . Report Inventory 1 | . 1 . . Scanalyzer . | . . . . Garrison Access Hacks . | . . . . Unauthorized Hacks . | . . . . Terminals . | . . . . Fabricators . | . . . . Repair Stations . | . . . . Recycling Units . | . . . . Scanalyzers . | . . . . Garrison Access . | . . . . Data Cores Recovered . | . . . . Used . | . . . . Hacking Detections 3 | . 1 . 2 Full Trace Events 2 | . 1 . 1 Feedback Events 1 | . . . 1 Corruption 1 | . . . 1 Feedback Blocked . | . . . . Robot Schematics Acquired . | . . . . Robots Built . | . . . . Authchips . | . . . . Time . | . . . . Total Robot Build Rating . | . . . . Part Schematics Acquired . | . . . . Parts Built . | . . . . Authchips . | . . . . Time . | . . . . Total Part Build Rating . | . . . . Part Studies Acquired . | . . . . Parts Repaired . | . . . . Time . | . . . . Parts Recycled . | . . . . Recycled Matter . | . . . . Retrieved Matter . | . . . . Retrieved Components . | . . . . Parts Scanalyzed . | . . . . Part Schematics Acquired . | . . . . Parts Damaged . | . . . . Bothacking | -11 -10 -10 -9 ------------ Run | Yrd Mat Sub Rec Used RIF Installer . | . . . . Robots Hacked . | . . . . Non-combat . | . . . . Combat . | . . . . Robot Hacks Applied . | . . . . Relay Couplers Released . | . . . . Fabnet Peak Effective % . | . . . . Robots Rewired . | . . . . Allies Hacked . | . . . . Hacks Repelled . | . . . . Allies | -11 -10 -10 -9 -------- Run | Yrd Mat Sub Rec Total Allies 3 | . . 3 . Largest Group 2 | . . 2 . Highest-Rated Group 38 | . . 38 . Highest-Rated Ally 19 | . . 19 . Total Orders . | . . . . Ally Attacks 4 | . . 4 . Total Damage 187 | . . 187 . Kills 1 | . . 1 . Allies Corrupted . | . . . . Allies Melted . | . . . . Intel | -11 -10 -10 -9 ------- Run | Yrd Mat Sub Rec Active Infowar (turns) . | . . . . Robot Analysis Total . | . . . . Derelict Logs Recovered . | . . . . Drone Launches . | . . . . Drone Recoveries . | . . . . Exploration | -11 -10 -10 -9 ------------- Run | Yrd Mat Sub Rec Turns Passed 2266 | 96 239 1547 384 Spaces Moved 1398 | 75 100 1082 141 Core 31 | 16 . 1 14 Treads 42 | . . 42 . Legs 1325 | 59 100 1039 127 Wheels . | . . . . Hover . | . . . . Flight . | . . . . Fastest Speed 50 | 50 120 120 250 Average Speed 136 | 105 120 123 262 Slowest Speed 400 | 120 120 300 400 Overloaded Moves . | . . . . Propulsion Burnouts . | . . . . Robots Hopped . | . . . . Potential Cave-ins . | . . . . Cave-ins Triggered . | . . . . Exploration Rate (%) 25 | 4 29 40 30 Regions Visited 3 Branch Regions 2 Pre-discovered Areas 1 | . . 1 . Known Exits Taken . | . . . . Unknown Exits Taken 3 | 1 1 1 . Scrap Searched . | . . . . Spaces Dug . | . . . . Terrain Destroyed 40 | . . 19 21 Melee . | . . . . Projectile 1 | . . 1 . AOE 39 | . . 18 21 Terrain Rammed . | . . . . Walls Destroyed . | . . . . Machines Disabled . | . . . . Actions | -11 -10 -10 -9 --------- Run | Yrd Mat Sub Rec Total 1696 | 92 209 1245 150 Wait 210 | . 103 106 1 Move 1395 | 74 99 1081 141 Hop . | . . . . Pick Up 23 | 10 1 11 1 Fast Attach . | . . . . Attach 14 | 6 . 7 1 Detach . | . . . . Swap 7 | . 1 6 . Drop 7 | . . 7 . Fire 35 | . 5 27 3 Melee . | . . . . Ram . | . . . . Kick 2 | 2 . . . Crush . | . . . . Escape Stasis . | . . . . Rewire 3 | . . . 3 Trap . | . . . . Miscellaneous . | . . . . Route ------- -11/Scrapyard -10/Materials -10/Subcaves -9/Recycling History --------- Turn | Location | Event 9 | -11/Scrapyard | Discovered new exit (range 15) 97 | -11/Scrapyard | Entered Materials 312 | -10/Materials | Discovered new exit (range 7) 313 | -10/Materials | Build established: Mutant 336 | -10/Materials | Entered Subcaves 369 | -10/Subcaves | Shifting Twisted Machinery released Shrapnel Trap 610 | -10/Subcaves | Learned location of Zion (-7) 610 | -10/Subcaves | Met a Zionite searching for "candidates" 679 | -10/Subcaves | Shifting Twisted Machinery released Shrapnel Trap 680 | -10/Subcaves | Shifting Twisted Machinery released Sub. Laser 682 | -10/Subcaves | A swath of the cavern ceiling suddenly collapsed 1099 | -10/Subcaves | Visited triangular shrine 1108 | -10/Subcaves | Found Prototype Device 1109 | -10/Subcaves | Identified V3-11A's Pendant 1114 | -10/Subcaves | Befriended Subdweller 1577 | -10/Subcaves | Shifting Twisted Machinery released Mak. Hacking Suite 1583 | -10/Subcaves | Shifting Twisted Machinery released Sub. Beam Cannon 1645 | -10/Subcaves | Befriended Subdweller 1699 | -10/Subcaves | A swath of the cavern ceiling suddenly collapsed 1765 | -10/Subcaves | Befriended Subdweller 1799 | -10/Subcaves | Discovered new exit (range 11) 1810 | -10/Subcaves | Core integrity fell below 50% 1883 | -10/Subcaves | Entered Recycling 1884 | -9/Recycling | Met a Zionite searching for Scraptown 2235 | -9/Recycling | Core integrity fell below 20% 2267 | -9/Recycling | Destroyed by Y-45 Defender with Heavy Assault Rifle Last Messages --------------- R-06 Scavenger collects Lgt. Armor Plating. U-05 Engineer lays Concrete. U-05 Engineer builds a Wall. Sub. Shrapnel Launcher destroyed. U-05 Engineer lays Concrete. System corrupted: Matter fused (-7). U-05 Engineer lays Concrete. U-05 Engineer builds a Wall. U-05 Engineer lays Concrete. U-05 Engineer builds a Wall. U-05 Engineer lays Concrete. U-05 Engineer builds a Wall. U-05 Engineer lays Concrete. U-05 Engineer builds a Wall. Critical hit (Burn: +37). Y-45 Defender suffers critical hit (Burn). U-05 Engineer lays Concrete. U-05 Engineer builds a Wall. Y-45 Defender heat damages Hvy. Assault Rifle, Lgt. Treads, Heat Sink. Map ----- +----------------------------------------------------+ | | | | | | | ?????????????????????????????????????????????????? | | ?????????????????????????????????????????????????? | | ?????????????????????????????????????????????????? | | ?????????????????????????????????????????????????? | | ?????????????????????????????????????????????????? | | ?????????????????????????????????????????????????? | | ?????????????????????????????????????????????????? | | ?????????????????????????????????????????????????? | | ?????????????????????????????????????????????????? | | ?????????????????????????????????????????????????? | | ?????????????????????????????????????????????????? | | ?????????????????????????????????????????????????? | | ?????????????????????????????????????????????????? | | ?????????????????????????????????????????????????? | | ?????????????????????????????????????????????????? | | ???????????????????????????????????#########?????? | | ???????????????????????????????????# #?????? | | ?????????????????????????#####?????# #?????? | | ?????????????????????????#===####### #?????? | | ???????????????????#######===##; ; #?????? | | ???????????????????? ;;;;; #?????? | | ???????????????????????# ;; ;; #?????? | | ???????????????????????# @ #?????? | | ???????????????????????# #?????? | | ???????????????????????# u Y #?????? | | ???????????????????????# ##########; ###???? | | ???????????????????????#+???######## !!#???? | | ???????????????????????????????????# !#???? | | ?????????????????????? ????????????# !#???? | | ?????????????????????# ???????????# ###???? | | ?????????????????????# ?????????### ###???? | | ?????????????????????? ?????????# ! !!#???? | | ?????????????????????? "????????#!! ! #???? | | ?????##### #??# """"" #??# ! !#???? | | ?????????# #??# """"" #??### ###???? | | ?????#???# #??# #????# #?????? | | ?????###?# #??##+############ #?????? | | ????? #?# #### #?????? | | ????? #?# + #?????? | | ????? #?# #### ########## ###?????? | | ????? #?###+####+#??# #????????###???????? | | ????? #???# #??# #??# ######?????????????? | | ????? #???# #### #### # ?????????????? | | ????? #???# + ?????????????? | | ????? #??## # ?????????????? | | ????? #### # ?????????????? | | ????? + + ?????????????? | +----------------------------------------------------+ Best States ------------- Heat Dissipation 25 Energy Generation 15 Energy Capacity 250 Matter Stores 300 Matter Capacity 300 Sight Range 16 Terrain Scan Density 10 Evasion (%) 55 Recoil Reduction 2 Item Schematics ----------------- None Robot Schematics ------------------ None Fabricated ------------ Nothing Repaired ---------- Nothing Studied --------- None Alien Tech Used ----------------- None Achievements -------------- SUBSUB Challenges ------------ None Game ------ Seed GrenadeAntisysShield Manual? 0 Play Time 00:27:51 Cumulative 6.5 hours Start 2026.01.20 @ 17:41:09 End 2026.01.21 @ 11:36:16 Sessions 5 Manual Loads 0 Difficulty Rogue Special Mode None Game No. 12 Rogue 12 Adventurer 0 Explorer 0 Win Type - Total 0 Types 0/0/0/0/0/0/0/0/0/0 Lore% 2 Gallery% 8 Achievement% 8 Wizard Run 0 Options --------- Layout 1 ASCII 0 Keyboard 0 Movement Numpad Keybinds 0 Fullscreen 1 Font 32/SmallcapsGlow Map View 50x35 Zoom Use 0% Tactical HUD 0 Map Filters NONE Filters NONE Steam 1 RUN: 12e76a60-b5ad-4ce9-938e-fd366d3ff621